 Dungeon Crawl Stone Soup version 0.30-a0-585-g93115170b9 (webtiles) character file.

Game seed: 2249914147004351304

3819 bobo the Thaumaturge (level 9, 0/49 HPs)
             Began as a Deep Elf Fire Elementalist on Jan 1, 2023.
             Was a Follower of Vehumet.
             Slain by a bullfrog (7 damage)
             ... on level 8 of the Dungeon on Jan 2, 2023.
             The game lasted 00:22:07 (8725 turns).

bobo the Thaumaturge (Deep Elf Fire Elementalist)   Turns: 8725, Time: 00:22:07

Health: 0/49       AC:  4    Str:  5    XL:     9   Next: 97%
Magic:  12/25      EV: 14    Int: 25    God:    Vehumet [*.....]
Gold:   454        SH:  0    Dex: 15    Spells: 14/28 levels left

rFire   + . .      SeeInvis .    d - staff of fire
rCold   . . .      Faith    .    (no shield)
rNeg    . . .      Spirit   .    a - +0 robe
rPois   .          Reflect  .    (no helmet)
rElec   .          Harm     .    s - +0 cloak
rCorr   .          Rampage  .    (no gloves)
Will    .....                    t - +0 pair of boots
Stlth   ++                       (no amulet)
HPRegen 0.28/turn                (no ring)
MPRegen 0.19/turn                (no ring)

@: lethally poisoned (0 -> -2), slowed, very slow
A: no striking features
a: Renounce Religion


You were on level 8 of the Dungeon.
You worshipped Vehumet.
Vehumet was aware of your devotion.
You visited 2 branches of the dungeon, and saw 9 of its levels.

You collected 454 gold pieces.

Inventory:

Armour
 a - a +0 robe (worn)
 s - a +0 cloak (worn)
 t - a +0 pair of boots (worn)
Magical Staves
 d - a staff of fire (weapon)
Jewellery
 B - an amulet of guardian spirit
Scrolls
 c - a scroll of blinking {unknown}
 g - a scroll of enchant armour {unknown}
 h - 5 scrolls of teleportation
 i - a scroll of brand weapon {unknown}
 j - a scroll of acquirement {unknown}
 l - a scroll of fog {unknown}
 m - 2 scrolls of enchant weapon
 o - 2 scrolls of noise
 r - 2 scrolls of silence
 v - 2 scrolls of amnesia {unknown}
 w - a scroll of identify
 y - 2 scrolls of poison {unknown}
 z - 3 scrolls of vulnerability {unknown}
Potions
 b - 2 potions of magic
 e - 3 potions of curing
 f - 2 potions of lignification
 k - 3 potions of flight
 n - 2 potions of invisibility {unknown}
 p - 2 potions of degeneration {unknown}
 q - 3 potions of heal wounds
 u - a potion of might {unknown}
 x - a potion of ambrosia {unknown}
 A - a potion of attraction {unknown}


   Skills:
 + Level 2.7 Fighting
 + Level 5.1 Dodging
 - Level 2.4 Stealth
 - Level 10.0 Spellcasting
 - Level 7.1 Conjurations
 - Level 5.2 Hexes
 - Level 6.0 Fire Magic
 - Level 5.3 Air Magic
 - Level 4.0 Poison Magic


You had 14 spell levels left.
You knew the following spells:

 Your Spells              Type           Power      Damage    Failure   Level
a - Scorch                Fire           100%       2d10      1%          2
c - Mephitic Cloud        Conj/Pois/Air  39%        N/A       1%          3
d - Inner Flame           Hex/Fire       57%        N/A       1%          3
p - Foxfire               Conj/Fire      100%       2x1d9     1%          1
q - Magic Dart            Conj           100%       1d8       1%          1
x - Flame Wave            Conj/Fire      61%        2d14      3%          4

Your spell library contained the following spells:

 Spells                   Type           Power      Damage    Failure   Level
 Kiss of Death            Conj/Necr      100%       2d13      1%          1
 Kindle Blastsparks       Fire/Tloc/Air  92%        2d17      3%          3
 Stone Arrow              Conj/Erth      60%        3d10      3%          3
 Sandblast                Erth           24%        2d8       4%          1
 Call Imp                 Summ           12%        N/A       8%          2
 Passwall                 Tmut/Erth      10%        N/A       8%          2


Dungeon Overview and Level Annotations

Branches:
Dungeon (8/15)             Temple (1/1) D:4
   Lair: D:8-11

Altars:
Ashenzari
Fedhas
Kikubaaqudgha
Makhleb
Qazlal
Ru
Vehumet
Xom

Shops:
D:2 (   D:6 (


Message History

Aiming: Magic Dart (safe; 1% risk of failure)
Press: ? - help, Shift-Dir - straight line, f/p - crimson imp
Aim: a crimson imp (100% to hit)
Okay, then.
Casting: Magic Dart (safe; 1% risk of failure)
Confirm with . or Enter, or press ? or * to list all spells.
You feel a surge of power!
Flames lash the white imp.
The white imp is burned terribly!
You kill the white imp!
Vehumet accepts your kill.
You feel your power returning.
You feel sick.
The crimson imp blinks!
An ice beast comes into view.
Casting: Scorch (safe; 1% risk of failure)
Confirm with . or Enter, or press ? or * to list all spells.
Okay, then.
Casting: Scorch (safe; 1% risk of failure)
Confirm with . or Enter, or press ? or * to list all spells.
Aiming: Mephitic Cloud (safe; 1% risk of failure)
Press: ? - help, Shift-Dir - straight line The ball explodes into a vile cloud!
The stinking cloud engulfs the kobold but does no damage.
You feel sick.
You hear a croak.
A bullfrog comes into view.
The kobold throws a poisoned dart.
The poisoned dart hits you!
You are more poisoned.
The kobold is engulfed in noxious fumes.
The kobold appears confused.
You feel very sick.
The kobold is engulfed in noxious fumes.
The kobold appears confused.
You feel very sick.
Items here: )) [[.
You feel sick.
You feel sick.
The bullfrog hits you but does no damage.
There is a stone staircase leading up here.
Okay, then.
You feel sick. The bullfrog hits you!
You die...

~≈~...##.)5##...§§
....###..Y..###... #.
.#######.........#######..
.............5............
###.....####Y...###..#..##
####..####....## #.....[
#.......).....# ##....[
#......FK.....###....#.
#.....@.......[......).
#......................
#........#######...<...
#........# #.....##.
#........# #..#####.
########## #...# #. .....#
#. ....>.# .....


You could see an ice beast, a bullfrog, a crimson imp and a kobold (confused).

Vanquished Creatures
  2 two-headed ogres
  A komodo dragon (D:8)
  Grinder (D:5)
  A steam dragon (D:6)
  3 water moccasins
  A black bear (D:4)
  3 ogres
  A kobold brigand (D:8)
  3 bullfrogs
  2 scorpions
  3 necrophages
  4 wights (D:8)
  An orc priest (D:5)
  A gnoll bouda (D:5)
  A hound (D:4)
  2 jellies
  4 iguanas
  4 orc wizards
  6 adders
  11 gnolls
  A shadow imp (D:5)
  A white imp (D:8)
  4 worms
  4 dart slugs
  16 orcs
  8 endoplasms
  2 giant cockroaches
  6 goblins
  11 hobgoblins
  10 kobolds
  7 quokkas
  5 ball pythons
  5 bats
  9 frilled lizards
  3 rats (D:2)
147 creatures vanquished.

Vanquished Creatures (others)
  379 foxfires
  6 fungi (D:8)
  12 plants (D:8)
397 creatures vanquished.

Grand Total: 544 creatures vanquished

Notes
Turn   | Place    | Note
-------+----------+-------------------------------------------
     0 | D:1      | bobo the Deep Elf Fire Elementalist began the quest for the
                  | Orb.
     0 | D:1      | Reached XP level 1. HP: 10/10 MP: 6/6
   257 | D:1      | Reached XP level 2. HP: 15/15 MP: 5/8
   261 | D:1      | Learned a level 2 spell: Scorch
   544 | D:1      | Found a faded altar of an unknown god.
  1107 | D:1      | Reached XP level 3. HP: 19/19 MP: 6/10
  1111 | D:1      | Learned a level 3 spell: Inner Flame
  1823 | D:2      | Found Haid's Weapon Shop.
  1861 | D:2      | Reached skill level 4 in Spellcasting
  1891 | D:2      | Found an ancient bone altar of Kikubaaqudgha.
  1914 | D:2      | Reached XP level 4. HP: 24/24 MP: 8/12
  1919 | D:2      | Learned a level 4 spell: Flame Wave
  3088 | D:3      | Found a blossoming altar of Fedhas.
  3092 | D:3      | Reached XP level 5. HP: 28/28 MP: 11/14
  3604 | D:3      | Found a shimmering altar of Xom.
  3980 | D:4      | Reached skill level 5 in Spellcasting
  4372 | D:4      | Found a staircase to the Ecumenical Temple.
  4384 | Temple   | Entered the Ecumenical Temple
  4457 | Temple   | Became a worshipper of Vehumet
  4707 | D:4      | Reached skill level 5 in Fire Magic
  4707 | D:4      | Reached XP level 6. HP: 32/32 MP: 7/16
  4926 | D:4      | Reached skill level 1 in Hexes
  5049 | D:4      | Found a sacrificial altar of Ru.
  5161 | D:4      | Found a burning altar of Makhleb.
  5306 | D:5      | Entered Level 5 of the Dungeon
  5326 | D:5      | Noticed a water moccasin
  5332 | D:5      | Learned a level 3 spell: Mephitic Cloud
  5382 | D:5      | Noticed a two-headed ogre
  5506 | D:5      | Reached skill level 6 in Spellcasting
  5544 | D:5      | Killed a water moccasin
  5545 | D:5      | Reached skill level 1 in Poison Magic
  5545 | D:5      | Reached XP level 7. HP: 34/36 MP: 1/18
  5651 | D:4      | Learned a level 1 spell: Magic Dart
  5656 | D:5      | You fall into a shaft and drop 2 floors!
  5706 | D:5      | Reached skill level 1 in Air Magic
  5731 | D:5      | Killed a two-headed ogre
  5732 | D:5      | Reached skill level 7 in Spellcasting
  5732 | D:5      | Reached skill level 5 in Conjurations
  5732 | D:5      | Reached XP level 8. HP: 27/41 MP: 2/20
  6455 | D:5      | Noticed Grinder
  6457 | D:5      | Paralysed by Grinder for 5 turns
  6464 | D:5      | Killed Grinder
  6465 | D:5      | Reached skill level 8 in Spellcasting
  6465 | D:5      | Reached skill level 5 in Hexes
  6768 | D:6      | Reached XP level 9. HP: 45/45 MP: 12/23
  7177 | D:6      | Found Walomong's Weapon Shop.
  7711 | D:7      | Reached * piety under Vehumet
  7711 | D:7      | Offered knowledge of Kiss of Death by Vehumet.
  8156 | D:8      | Noticed a komodo dragon
  8283 | D:8      | Killed a komodo dragon
  8284 | D:8      | Reached skill level 9 in Spellcasting
  8284 | D:8      | Reached skill level 5 in Air Magic
  8552 | D:8      | Reached skill level 1 in Fighting
  8699 | D:8      | Noticed a two-headed ogre
  8717 | D:8      | Killed a two-headed ogre
  8718 | D:8      | Reached skill level 5 in Dodging
  8718 | D:8      | Reached skill level 10 in Spellcasting
  8725 | D:8      | Slain by a bullfrog

Illustrated notes

Levels and vault maps discovered:
D:1:      mrwooster_arrival_statue, layout_loops_corners,
          hellmonk_ecumenical_altar_run_dry
D:2:      minmay_diamond_boxcup, layout_basic, basic_altar, serial_shops, shop
D:3:      layout_loops_corners, mainiacjoe_overflow_chevrons, old_standard_altar
D:4:      layout_basic, mainiacjoe_overflow_swirl,
          minmay_temple_entry_antechambers
D:5:      layout_loops_ring, hex_large, uniq_grinder
D:6:      layout_rooms, serial_shops, nicolae_shop_behind_doors, serial_glass,
          glass_columns_a, glass_columns_b, glass_columns_c, glass_columns_a,
          glass_columns_a, glass_columns_c
D:7:      layout_basic
D:8:      layout_rooms, nicolae_tso_besieged_by_evil,
          grunt_lair_entry_orc_guard_hut, minmay_fire_ice_demons
Temple:   grunt_temple_mini_profane

Skill      XL: |  1  2  3  4  5  6  7  8  9 |
---------------+----------------------------+-----
Conjurations   | 2 3 4 5 6 7 |  7.1
Fire Magic     | 4 5 6 |  6.0
Spellcasting   | 4 5 6 7 8 10 | 10.0
Hexes          | 2 3 5 |  5.2
Poison Magic   | 1 2 4 |  4.0
Air Magic      | 2 4 5 |  5.3
Fighting       | 2 |  2.7
Dodging        | 5 |  5.1
Stealth        | |  2.4

Action                   |  1- 3 |  4- 6 |  7- 9 || total
-------------------------+-------+-------+-------++-------
Melee: Staff             |       |     1 |     5 ||     6
 Cast: Foxfire           |    71 |    87 |    74 ||   232
       Scorch            |    14 |    34 |    50 ||    98
       Inner Flame       |       |     1 |     8 ||     9
       Mephitic Cloud    |       |     2 |    15 ||    17
       Flame Wave        |       |       |     1 ||     1
       Magic Dart        |       |       |    10 ||    10
  Use: Scroll            |       |     3 |     5 ||     8
       Potion            |       |       |     3 ||     3
 Stab: Sleeping          |       |       |     1 ||     1
Armor: Robe              |       |       |     6 ||     6
       Skin              |       |       |     3 ||     3
Dodge: Dodged            |     2 |     5 |    19 ||    26

Table legend: (Time is in decaauts)
 A = Elapsed time spent in this place.
 B = Non-inter-level travel time spent in this place.
 C = Inter-level travel time spent in this place.
 D = Time resting spent in this place.
 E = Time spent auto-exploring this place.
 F = Levels seen in this place.
 G = Mean time per level.
                   A        B        C        D        E       F      G
               +--------+--------+--------+--------+--------+-----+--------+
         Total |   8736 |   8204 |    532 |    591 |   6561 |   9 |  970.7 |
       Dungeon |   8633 |   8126 |    507 |    591 |   6493 |   8 | 1079.1 |
        Temple |    102 |     77 |     25 |      0 |     68 |   1 |  102.0 |
               +--------+--------+--------+--------+--------+-----+--------+

Top non-repeatable levels by time:
     D:4: 1547 daAuts
     D:2: 1481 daAuts
     D:1: 1354 daAuts
     D:3: 1115 daAuts
     D:5: 1070 daAuts
     D:7: 902 daAuts
     D:6: 760 daAuts
     D:8: 400 daAuts
  Temple: 102 daAuts
